AoeStats
← Spazjackal

Arabia

510867669Analyzed
1v1 RM · 8h ago on Oct 2, 2026· 32m 46s· 2 players
Game mode
Random Map
Map size
Tiny (2 player)
Population
200
Speed
Normal
Resources
Standard
Victory
Conquest
Starting age
Dark Age
Ending age
Imperial Age
RankedLock teamsTeams togetherTeam positionsShared explorationLock speedFull tech treeHidden civsTurbo modeCheats
Victory
Defeat
🇲🇽 Khmer · Mexico
775
+17
🇺🇸 Huns · United States
801
-17
JamonRush
5:33 Loom
8:14 Feudal Age
18:45 Town Watch
21:20 Castle Age
20:54 Scale Barding Armor
20:36 Double-Bit Axe
20:36 Horse Collar
21:52 Bloodlines
22:43 Chain Barding Armor
28:34 Forging
28:55 Husbandry
29:58 Iron Casting
32:44 Wheelbarrow
Spazjackal
6:47 Loom
9:33 Feudal Age
10:06 Double-Bit Axe
11:20 Wheelbarrow
14:59 Scale Mail Armor
15:13 Fletching
15:34 Padded Archer Armor
16:31 Gold Mining
16:38 Horse Collar
22:17 Castle Age
20:43 Bloodlines
21:03 Forging
21:40 Scale Mail Armor
22:43 Scale Barding Armor
22:37 Pikeman
22:41 Light Cavalry
23:36 Husbandry
25:46 Bow Saw
26:02 Squires
27:37 Hand Cart
28:39 Heavy Plow
28:31 Stone Mining
29:18 Gold Shaft Mining
30:32 Bodkin Arrow
32:40 Town Watch
Connection lost

Rejoining the realm…

Still unreachable

The connection could not be restored.

Session expired

The server has moved on; the page needs a fresh start.